 Dungeon Crawl Stone Soup version 0.26-a0-682-g294304f (webtiles) character file.

Game seed: 7305376271670830207

501 GodEmperorTekkless the Conjurer (level 6, -1/50 HPs)
             Began as a Draconian Hedge Wizard on Oct 21, 2020.
             Slain by a hound (3 damage)
             ... on level 5 of the Dungeon.
             The game lasted 00:25:21 (8183 turns).

GodEmperorTekkless the Conjurer (DrWz)              Turns: 8183, Time: 00:25:21

Health: -1/50      AC:  6    Str: 10 (12) XL:     6   Next: 95%
Magic:  1/12       EV: 11    Int: 13 (16) God:
Gold:   117        SH:  0    Dex: 12 (15) Spells: 6/14 levels left

rFire    + . .     SeeInvis .   n - staff of air
rCold    . . .     Faith    +   (no shield)
rNeg     . . .     Spirit   .   (armour unavailable)
rPois    .         Reflect  .   b - +0 hat
rElec    +         Harm     .   (no cloak)
rCorr    .         Rampage  .   (no gloves)
MR       +....                  (no boots)
Stlth    +.........             i - amulet of faith
HPRegen  0.16/turn              l - ring "Wiusa" {rF+ Dex+4}
MPRegen  0.13/turn              (no ring)

@: brilliant, heavily drained
A: unfitting armour, magic resistance 1, mutation resistance 1, cold-blooded, AC
+6
a: no special abilities


You were on level 5 of the Dungeon.
You visited 1 branch of the dungeon, and saw 6 of its levels.

You collected 222 gold pieces.
You spent 105 gold pieces at shops.

Inventory:

Missiles
 g - 2 javelins (quivered)
Armour
 b - a +0 hat (worn)
Magical Staves
 n - an uncursed staff of air (weapon)
Jewellery
 i - an amulet of faith (around neck)
 l - the ring "Wiusa" (left hand) {rF+ Dex+4}
   (You found it on level 4 of the Dungeon)

   [ring of protection from fire]

   It affects your dexterity (+4).
   It protects you from fire.
Scrolls
 c - a scroll of enchant weapon {unknown}
 h - a scroll of fear {unknown}
 j - a scroll of holy word {unknown}
 k - 3 scrolls of remove curse
 m - 2 scrolls of teleportation {unknown}
Potions
 e - 3 potions of curing {unknown}
 f - 3 potions of stabbing {unknown}
 o - a potion of might {unknown}


   Skills:
 - Level 2.4(0.4) Fighting
 - Level 0.4(0.0) Staves
 + Level 3.0(0.9) Dodging
 - Level 1.8(0.0) Stealth
 + Level 4.5(2.3) Spellcasting
 * Level 4.9(2.7) Conjurations
 - Level 1.0(0.0) Summonings
 - Level 1.0(0.0) Translocations


You had 6 spell levels left.
You knew the following spells:

 Your Spells              Type           Power        Failure   Level
a - Magic Dart            Conj           ##..         9%          1
b - Blink                 Tloc           N/A          36%         2
c - Call Imp              Summ           #.......     36%         2
d - Conjure Flame         Conj/Fire      #.......     38%         3

Your spell library contained the following spells:

 Spells                   Type           Power        Failure   Level
 Slow                     Hex            #.......     36%         2
 Mephitic Cloud           Conj/Pois/Air  #.......     45%         3


Dungeon Overview and Level Annotations

Branches:
Dungeon (6/15)
 Temple: D:4-7

Altars:
Elyvilon
Vehumet
Wu Jian
Xom

Shops:
D:4 *

Annotations:
D:3 Sigmund


Innate Abilities, Weirdness & Mutations

Your plain brown scales are hard. (AC +6)
You cannot fit into any form of body armour.
You are cold-blooded and may be slowed by cold attacks.
You are resistant to hostile enchantments. (MR+)
You are somewhat resistant to further mutation.


Message History

A metallic apparition takes form in the air.
The hound closely misses you. The hound bites you but does no damage.
The hound bites you but does no damage.
Casting: Call Imp (dangerous; 30% risk of failure)
Confirm with . or Enter, or press ? or * to list all spells.
A beastly little devil appears in a puff of flame.
The hound closely misses you. The hound bites you.
* * * LOW HITPOINT WARNING * * *
There is an open door here.
Casting: Call Imp (dangerous; 30% risk of failure)
Confirm with . or Enter, or press ? or * to list all spells.
You blink.
It was a potion of brilliance.
You feel clever all of a sudden.
It was a potion of degeneration.
There was something very wrong with that liquid.
You feel weakened.
You feel dopey.
You feel clumsy. The hound bites you.
You die...

.............#####.##.######
.............##............#
.............##.##.##.##.###
..........55.5........#....#
.............#.....##......#
..(..#########.............#
.....#......##...#.##.#...##
(>...#......##..h#.##.#....#
.....#..........@#.##.#...##
.....#...........#.##.#...#
.....'...........#.##.#...#
#'####...........#.##.#...##
#.# #........[....##.#....#
#.# #........#......<.....#
#.# ##..###'#[...........##
#.#####..# #.#..#####.#...#
.........# #.#..# #.###.##


You could see a hound and a friendly crimson imp (summoned).

Vanquished Creatures
  Blork the orc (D:4)
  A wight (D:5)
  A bullfrog zombie (D:5)
  A centaur skeleton (D:5)
  A bullfrog skeleton (D:6)
  3 orc wizards
  7 adders
  A howler monkey skeleton (D:4)
  A white imp (D:5)
  An ooze (D:3)
  An adder skeleton (D:5)
  2 worms
  A leopard gecko (D:1)
  7 orcs
  A ball python (D:1)
  A bat skeleton (D:2)
  3 giant cockroaches
  9 hobgoblins
  3 jackals (D:1)
  2 quokkas (D:5)
  5 bats
  2 frilled lizards
  6 goblins
  8 kobolds
  A leopard gecko skeleton (D:2)
  2 quokka skeletons
  2 rats
74 creatures vanquished.

Vanquished Creatures (collateral kills)
  A wight (D:5)
  A howler monkey (D:5)
  An orc priest (D:5)
  An iguana (D:4)
  A worm (D:3)
  3 orcs
  A bat (D:3)
9 creatures vanquished.

Vanquished Creatures (others)
  A withered plant (D:2)
1 creature vanquished.

Grand Total: 84 creatures vanquished

Notes
Turn   | Place    | Note
-------+----------+-------------------------------------------
     0 | D:1      | GodEmperorTekkless the Draconian Hedge Wizard began the
                  | quest for the Orb.
     0 | D:1      | Reached XP level 1. HP: 14/14 MP: 4/4
   252 | D:1      | Reached XP level 2. HP: 11/22 MP: 4/6
  1001 | D:1      | Reached skill level 1 in Fighting
  1888 | D:2      | Reached XP level 3. HP: 24/28 MP: 0/7
  2268 | D:2      | Found a white marble altar of Elyvilon.
  2458 | D:2      | Reached XP level 4. HP: 33/36 MP: 7/9
  2617 | D:2      | Learned a level 2 spell: Blink
  2620 | D:2      | Learned a level 2 spell: Call Imp
  2868 | D:2      | Learned a level 3 spell: Conjure Flame
  3070 | D:3      | Found a radiant altar of Vehumet.
  4094 | D:3      | Reached XP level 5. HP: 42/42 MP: 4/10
  4216 | D:3      | Noticed Sigmund
  5167 | D:4      | Found Etory's Assorted Antiques.
  5175 | D:4      | Bought a glowing garnet amulet for 105 gold pieces
  5183 | D:4      | Gained mutation: You are resistant to hostile enchantments.
                  | (MR+) [potion of mutation]
  5183 | D:4      | Gained mutation: You are somewhat resistant to further
                  | mutation. [potion of mutation]
  5250 | D:4      | Noticed Blork the orc
  5262 | D:4      | Killed Blork the orc
  5401 | D:4      | Got a faintly glowing granite ring
  5402 | D:4      | Identified the ring "Wiusa" {rF+ Dex+4} (You found it on
                  | level 4 of the Dungeon)
  5530 | D:5      | Entered Level 5 of the Dungeon
  5664 | D:5      | Reached XP level 6. HP: 45/50 MP: 1/12
  6270 | D:5      | Found a shimmering altar of Xom.
  6820 | D:5      | Found an ornate altar of the Wu Jian Council.
  8177 | D:5      | HP: 2/50 [hound (3)]
  8183 | D:5      | Slain by a hound

Illustrated notes

Levels and vault maps discovered:
D:1:      minmay_arrival_hallway, layout_basic
D:2:      layout_basic, serial_undead, serial_undead_e, serial_undead_c,
          serial_undead_f, serial_undead_b, serial_undead_f, elyvilon_altar_5
D:3:      layout_loops_ring, vehumet_crystals, serial_co_window_serial,
          co_window_corner_a, co_window_cross_1, co_window_paths_b,
          co_window_paths_a, co_window_corner_a, co_window_corner_ca,
          co_window_corner_b, co_window_corner_b, co_window_2corner,
          co_window_paths_c, co_window_corner_b, co_window_4corner_b,
          glass_columns_b, glass_columns_b, glass_columns_a, glass_columns_a,
          glass_columns_c, uniq_sigmund
D:4:      layout_basic, serial_shops, shop, uniq_blork_the_orc
D:5:      layout_basic, led_xom_imps, nicolae_overflow_hidden_temple,
          uniq_crazy_yiuf_cottage
D:6:      layout_basic, chequers_temple_overflow_minitemple, basic_altar

Skill      XL: |  1  2  3  4  5  6 |
---------------+-------------------+-----
Dodging        | 2 3 |  3.0
Fighting       | 1 2 |  2.4
Conjurations   | 2 3 4 |  4.9
Spellcasting   | 4 |  4.5
Staves         | |  0.4
Stealth        | |  1.8
Summonings     | |  1.0
Translocations | |  1.0

Action                   |  1- 3 |  4- 6 || total
-------------------------+-------+-------++-------
Melee: Club              |    36 |       ||    36
       Dagger            |     3 |       ||     3
       Tailslap          |     5 |    13 ||    18
       Quarterstaff      |    29 |    54 ||    83
       Staff             |       |    60 ||    60
Throw: Javelin           |       |     1 ||     1
 Cast: Magic Dart        |    65 |   124 ||   189
       Call Imp          |       |    35 ||    35
       Conjure Flame     |       |    11 ||    11
       Blink             |       |     4 ||     4
  Use: Potion            |     1 |     3 ||     4
       Scroll            |       |     5 ||     5
 Stab: Distracted        |       |     1 ||     1
Armor: Skin              |    29 |    66 ||    95
Dodge: Dodged            |    64 |   158 ||   222

Table legend: (Time is in decaauts)
 A = Elapsed time spent in this place.
 B = Non-inter-level travel time spent in this place.
 C = Inter-level travel time spent in this place.
 D = Time resting spent in this place.
 E = Time spent auto-exploring this place.
 F = Levels seen in this place.
 G = Mean time per level.
                   A        B        C        D        E       F      G
               +--------+--------+--------+--------+--------+-----+--------+
         Total |   8245 |   8195 |     50 |   3761 |   3119 |   6 | 1374.2 |
       Dungeon |   8245 |   8195 |     50 |   3761 |   3119 |   6 | 1374.2 |
               +--------+--------+--------+--------+--------+-----+--------+

Top non-repeatable levels by time:
     D:2: 2161 daAuts
     D:5: 2094 daAuts
     D:1: 1382 daAuts
     D:3: 1288 daAuts
     D:4: 1228 daAuts
     D:6: 90 daAuts
